 Dungeon Crawl Stone Soup version 0.21-a0-625-g1119ec1 (webtiles) character file.

35 tidbits the Caller (level 3, 1/25 HPs)
             Began as a Gnoll Summoner on Dec 24, 2017.
             Quit the game on level 2 of the Dungeon.
             The game lasted 00:04:27 (463 turns).

tidbits the Caller (Gnoll Summoner)                  Turns: 463, Time: 00:04:27

Health: 1/25       AC:  2    Str: 15    XL:     3   Next: 35%
Magic:  7/9        EV: 14    Int: 18    God:
Gold:   16         SH:  0    Dex: 15    Spells: 9/12 levels left

rFire    . . .     SeeInvis .   a - +0 short sword
rCold    . . .     Gourm    .   (no shield)
rNeg     . . .     Faith    .   f - +0 robe
rPois    .         Spirit   .   (no helmet)
rElec    .         Reflect  .   (no cloak)
rCorr    .         Harm     .   (no gloves)
MR       +....                  (no boots)
Stlth    +++.......             (no amulet)
HPRegen  0.08/turn              H - ring of protection from magic
MPRegen  0.11/turn              (no ring)

@: mighty, lethally poisoned (1 -> -3)
A: distributed training, fangs 1, strong nose
a: no special abilities


You were on level 2 of the Dungeon.
You were not hungry.

You visited 1 branch of the dungeon, and saw 2 of its levels.

You collected 16 gold pieces.

Inventory:

Hand Weapons
 a - a +0 short sword (weapon)
 d - a +0 dagger
 e - a +0 club
Armour
 f - a +0 robe (worn)
Jewellery
 H - a ring of protection from magic (left hand)
   (You found it on level 1 of the Dungeon)
Scrolls
 g - a scroll of random uselessness {unknown}
 i - a scroll of noise {unknown}
 k - a scroll of enchant weapon {unknown}
 l - a scroll of identify {unknown}
Books
 b - a book of Callings

   Spells                             Type                      Level
   a - Summon Small Mammal            Summoning                    1
   b - Call Imp                       Summoning                    2
   c - Call Canine Familiar           Summoning                    3
   d - Summon Guardian Golem          Hexes/Summoning              3
   e - Summon Lightning Spire         Summoning/Air                4
   f - Summon Ice Beast               Ice/Summoning                4
Comestibles
 c - 3 rations


   Skills:
 + Level 0.7 Fighting
 + Level 0.7 Short Blades
 + Level 0.7 Long Blades
 + Level 0.7 Axes
 + Level 0.7 Maces & Flails
 + Level 0.7 Polearms
 + Level 0.7 Staves
 + Level 0.7 Slings
 + Level 0.7 Bows
 + Level 0.7 Crossbows
 + Level 0.7 Throwing
 + Level 0.7 Armour
 + Level 4.5 Dodging
 + Level 4.1 Stealth
 + Level 0.7 Shields
 + Level 0.7 Unarmed Combat
 + Level 5.0 Spellcasting
 + Level 0.5 Conjurations
 + Level 0.5 Hexes
 + Level 0.5 Charms
 + Level 7.1 Summonings
 + Level 0.5 Necromancy
 + Level 0.5 Translocations
 + Level 0.5 Transmutations
 + Level 0.5 Fire Magic
 + Level 0.5 Ice Magic
 + Level 0.5 Air Magic
 + Level 0.5 Earth Magic
 + Level 0.5 Poison Magic
 + Level 0.9 Invocations
 + Level 0.7 Evocations


You had 9 spell levels left.
You knew the following spells:

 Your Spells              Type           Power        Failure   Level  Hunger
a - Summon Small Mammal   Summ           ####         1%          1    None
i - Call Imp              Summ           ####....     1%          2    #......


Dungeon Overview and Level Annotations

Branches:
Dungeon (2/15)

Altars:
Makhleb

Annotations:
D:2 Robin, Sigmund


Innate Abilities, Weirdness & Mutations

Your experience applies equally to all skills.
You have very sharp teeth.
Your uncanny sense of smell can sniff out nearby items.


Message History

You see here a scroll labeled PEIBRE LOXZEE.
l - a scroll labeled PEIBRE LOXZEE You see here a frilled lizard corpse.
There is a stone staircase leading down here.
You climb downwards.
Level annotation: Robin, Sigmund An adder comes into view. x2
There is a stone staircase leading up here.
Casting: Summon Small Mammal
Confirm with . or Enter, or press ? or * to list all spells.
The adder misses you. The adder barely misses you.
You barely miss the adder. Something closely misses your quokka.
Your quokka barely misses the adder.
The adder bites you.
* * * LOW HITPOINT WARNING * * *
You are poisoned.
The adder poisons you! The bat closely misses you.
A bat comes into view.
You barely miss the adder.
You feel sick. The bat misses you. Something bites your quokka.
Your quokka misses the adder. The adder completely misses you.
Something closely misses your quokka.
You hit the adder.
The adder is moderately wounded.
The bat completely misses you. The adder bites you.
* * * LOW HITPOINT WARNING * * *
You are lethally poisoned!
The adder poisons you!
Your quokka closely misses the adder.
The bat hits you but does no damage. Something misses your quokka.
The adder bites you.
* * * LOW HITPOINT WARNING * * *
You are more poisoned.
The adder poisons you!
Your quokka closely misses the adder.
You barely miss the adder.
The adder is moderately wounded.
* * * LOW HITPOINT WARNING * * *
You feel sick. The bat hits you but does no damage.
Something bites your quokka.
Your quokka is poisoned.
Something poisons your quokka! The adder barely misses you.
Your quokka closely misses the adder.
Okay, then.
You barely miss the adder.
The adder is moderately wounded.
* * * LOW HITPOINT WARNING * * *
You feel sick. The bat barely misses you. Something closely misses your quokka.
The adder bites you.
* * * LOW HITPOINT WARNING * * *
The bat closely misses you.
Your quokka closely misses the adder.
Something misses your quokka.
You feel better. The bat hits you but does no damage.
The adder completely misses you.
Your quokka closely misses the adder.
Something bites your quokka but does no damage.
The adder barely misses you.
Casting: Summon Small Mammal
Confirm with . or Enter, or press ? or * to list all spells.
The bat barely misses you.
Your quokka closely misses the adder.
Something bites your quokka but does no damage.
The adder misses you.
Your quokka barely misses the adder.
Your quokka dies!
Your quokka's corpse disappears in a puff of smoke!
The bat barely misses you. The adder bites you but does no damage.
Casting: Summon Small Mammal
Confirm with . or Enter, or press ? or * to list all spells.
The adder hisses angrily.
The adder bites you.
* * * LOW HITPOINT WARNING * * *
The bat hits you but does no damage. The adder bites you.
* * * LOW HITPOINT WARNING * * *
You are lethally poisoned!
The adder poisons you!
* * * LOW HITPOINT WARNING * * *
You feel sick. The bat barely misses you. The bat hits your quokka.
The adder misses you.
Your quokka bites the adder.
The adder bites you but does no damage.
* * * LOW HITPOINT WARNING * * *
You feel sick. The bat misses your quokka. x2
Your rat bites the adder but does no damage.
The bat closely misses your quokka.
You hear a zap.
You hear a grinding noise.
Your quokka misses the adder.
Found a blue potion and a hand axe.
It was a potion of might.
You feel very mighty all of a sudden. The bat barely misses your quokka.
The adder closely misses you.
Your rat closely misses the adder.
Your quokka bites the adder.
The adder bites your rat but does no damage.
The adder misses you.
A worm comes into view.
You miss the adder.
The adder is heavily wounded.
Your rat bites the adder.
Your quokka closely misses the adder.
The adder bites your rat.
Your rat dies!
Your rat's corpse disappears in a puff of smoke!
The adder barely misses your quokka.
Your quokka misses the adder. You puncture the adder!
You kill the adder!
* * * LOW HITPOINT WARNING * * *
You feel sick. The worm closely misses your quokka. The adder misses you.
The bat closely misses you.
Your quokka barely misses the bat.
Are you sure you want to abandon this character and quit the game? (Confirm with "yes".)

.... # #..#
∆ # #. #..#
#. . #..#∆#
#..#.#..#.#
....#..#.###
#...rw...#
#bS# #@.#
.........#
!........#
###..#####
.... .... ∆
... .).


You could see a worm, an adder, a bat and a friendly quokka.

Vanquished Creatures
  2 adders (D:2)
  A leopard gecko (D:1)
  3 goblins
  A hobgoblin (D:1)
  2 frilled lizards (D:1)
  2 kobolds (D:1)
11 creatures vanquished.

Vanquished Creatures (collateral kills)
  2 giant cockroaches (D:1)
  3 hobgoblins
  A kobold (D:1)
  8 goblins
  2 rats (D:1)
16 creatures vanquished.

Grand Total: 27 creatures vanquished

Notes
Turn   | Place    | Note
-------+----------+-------------------------------------------
     0 | D:1      | tidbits the Gnoll Summoner began the quest for the Orb.
     0 | D:1      | Reached XP level 1. HP: 13/13 MP: 6/6
   195 | D:2      | Found a burning altar of Makhleb.
   195 | D:2      | Noticed a cacodemon
   230 | D:2      | Reached XP level 2. HP: 17/19 MP: 3/7
   240 | D:2      | Noticed Robin
   252 | D:2      | Noticed Sigmund
   334 | D:1      | Learned a level 2 spell: Call Imp
   354 | D:1      | Reached XP level 3. HP: 12/25 MP: 6/9
   401 | D:1      | Reached skill level 5 in Spellcasting
   459 | D:2      | HP: 2/25 [poisoned by an adder]
   463 | D:2      | Quit the game

Vault maps used:
D:1:      dpeg_arrival_tiny_e, minmay_pentomino_z2
D:2:      minmay_wonky_spiral, makhleb_altar_promises_db,
          lemuel_coloured_pillars_altar, tgw_trog, first_ration, uniq_sigmund,
          uniq_robin

Skill      XL: |  1  2  3 |
---------------+----------+-----
Spellcasting   | 5 |  5.0
Fighting       | |  0.7
Short Blades   | |  0.7
Long Blades    | |  0.7
Axes           | |  0.7
Maces & Flails | |  0.7
Polearms       | |  0.7
Staves         | |  0.7
Slings         | |  0.7
Bows           | |  0.7
Crossbows      | |  0.7
Throwing       | |  0.7
Armour         | |  0.7
Dodging        | |  4.5
Stealth        | |  4.1
Shields        | |  0.7
Unarmed Combat | |  0.7
Conjurations   | |  0.5
Hexes          | |  0.5
Charms         | |  0.5
Summonings     | |  7.1
Necromancy     | |  0.5
Translocations | |  0.5
Transmutations | |  0.5
Fire Magic     | |  0.5
Ice Magic      | |  0.5
Air Magic      | |  0.5
Earth Magic    | |  0.5
Poison Magic   | |  0.5
Invocations    | |  0.9
Evocations     | |  0.7

Action                   || total
-------------------------++-------
Melee: Club              ||    32
       Unarmed           ||     8
       Bite              ||     5
       Short sword       ||    19
 Cast: Summon Small Mamm ||    23
  Use: Potion            ||     3
 Stab: Sleeping          ||     1
Armor: Robe              ||    13
Dodge: Dodged            ||    65

Table legend:
 A = Spawn XP
 B = Non-spawn XP
 C = Spawn XP percentage of total XP
 D = Spawn monster count
 E = Non-spawn monster count
 F = Spawn count percentage of total count
 G = Total turns spent on level
                    A         B        C        D         E        F      G
               +---------+---------+-------+---------+---------+-------+---------
         Total |       0 |      51 |   0.0 |       0 |      27 |   0.0 |   463
               +---------+---------+-------+---------+---------+-------+---------
           D:1 |       0 |      20 |   0.0 |       0 |      16 |   0.0 |   371
           D:2 |       0 |      31 |   0.0 |       0 |      11 |   0.0 |    92
               +---------+---------+-------+---------+---------+-------+---------

Table legend:
 A = Turns spent in this place as a percentage of turns spent in the entire game.
 B = Non-inter-level travel turns spent in this place as a percentage of non-inter-level travel turns spent in the entire game.
 C = Inter-level travel turns spent in this place as a percentage of turns spent in this place.
 D = Turns resting spent in this place as a percentage of non-inter-level travel turns spent in this place.
 E = Turns spent auto-exploring this place as a percentage of non-inter-level travel turns spent in this place.
 F = Non-inter-level travel turns spent in this place divided by the number of levels of this place that you've seen.
                   A       B       C       D       E      F
               +-------+-------+-------+-------+-------+----------------------
         Total | 100.0 | 100.0 |   2.4 |   0.0 |   0.0 | 226.0
       Dungeon | 100.0 | 100.0 |   2.4 |   0.0 |   0.0 | 226.0
               +-------+-------+-------+-------+-------+----------------------

Table legend:
 A = Kills in this place as a percentage of kills in entire the game.
 B = Kills by you in this place as a percentage of kills by you in the entire game.
 C = Kills by friends in this place as a percentage of kills by friends in the entire game.
 D = Other kills in this place as a percentage of other kills in the entire game.
 E = Experience gained in this place as a percentage of experience gained in the entire game.
 F = Experience gained in this place divided by the number of levels of this place that you have seen.
                   A       B       C       D       E      F
               +-------+-------+-------+-------+-------+----------------------
         Total | 100.0 | 100.0 | 100.0 |   N/A | 100.0 |  25.5
       Dungeon | 100.0 | 100.0 | 100.0 |   N/A | 100.0 |  25.5
               +-------+-------+-------+-------+-------+----------------------

Vault maps used:
D:1:      dpeg_arrival_tiny_e, minmay_pentomino_z2
D:2:      minmay_wonky_spiral, makhleb_altar_promises_db,
          lemuel_coloured_pillars_altar, tgw_trog, first_ration, uniq_sigmund,
          uniq_robin
